AoeStats
← seu madruga

Arena

510632792Analyzed
2v2 RM · 6h ago on Oct 1, 2026· 30m 47s· 4 players
Game mode
Random Map
Map size
Medium (4 player)
Population
200
Speed
Normal
Resources
Standard
Victory
Conquest
Starting age
Dark Age
Ending age
Imperial Age
RankedLock teamsTeams togetherTeam positionsShared explorationLock speedFull tech treeHidden civsTurbo modeCheats
Victory
Defeat
🇵🇾 Aztecs · Paraguay
887
+17
🇵🇾 Celts · Paraguay
815
+21
🇩🇪 Turks · Germany
918
-19
907
-19
drip_trpz #Grandma Peek
10:57 Feudal Age
15:48 Castle Age
14:07 Double-Bit Axe
17:16 Bow Saw
21:24 Fletching
21:54 Padded Archer Armor
sunshine1311
4:10 Loom
12:18 Feudal Age
17:34 Castle Age
16:19 Double-Bit Axe
17:24 Horse Collar
21:31 Town Watch
22:33 Wheelbarrow
24:59 Gold Mining
27:11 Stone Mining
28:13 Town Patrol
33:36 Imperial Age
seu madruga
2:54 Loom
9:53 Feudal Age
16:00 Castle Age
16:00 Double-Bit Axe
17:07 Bow Saw
18:50 Squires
18:50 Horse Collar
27:07 Forging
26:57 Scale Mail Armor
29:13 Chain Mail Armor
29:33 Iron Casting
29:12 Gold Mining
arturoisasa1
10:56 Feudal Age
13:00 Double-Bit Axe
17:30 Castle Age
15:59 Horse Collar
16:41 Forging
17:04 Scale Mail Armor
18:06 Gambesons
18:42 Arson
20:29 Gold Mining
21:05 Bow Saw
22:16 Pikeman
24:27 Gold Shaft Mining
25:24 Wheelbarrow
26:51 Heavy Plow
31:34 Iron Casting
Connection lost

Rejoining the realm…

Still unreachable

The connection could not be restored.

Session expired

The server has moved on; the page needs a fresh start.